[Event "*** Titled Tuesday 3|2 Blitz (Early)"]
[Site "Chess.com"]
[Date "2016.12.06"]
[Round "3"]
[White "nihalsarin"]
[Black "Ar4uha"]
[Result "1-0"]
[WhiteElo "2488"]
[BlackElo "2440"]
[TimeControl "180+2"]
[EndTime "11:34:20 PST"]
[Termination "nihalsarin won by checkmate"]

1. d4 Nf6 2. Nc3 d5 3. Bf4 c6 4. e3 Bf5 5. Bd3 Bxd3 6. Qxd3 e6 7.
Nge2 Bd6 8. O-O O-O 9. a4 Bxf4 10. Nxf4 Nbd7 11. a5 e5 12. Nfe2 e4 13. Qd2 Ne8 14. b3 f5 15. Na4 g5 16. c4 f4 17. exf4 gxf4 18. Nxf4 Qg5 19. g3 Ng7 20. Rad1 Rae8 21. cxd5 cxd5 22. Nc3 Rf5 23. h4 Qg4 24. Ncxd5 Rff8 25. Rde1 Nf5 26. Ng2 Qg7 27. Rd1 Kh8 28. Qg5 Qf7 29.
Nde3 Ng7 30. Nf4 Nf6 31. d5 Rg8 32. Qh6 Nd7 33. d6 Ne5 34. Rd5 Nf3+ 35. Kh1 Ne6 36. Rf5 Qd7 37. Qf6+ Rg7 38. Ned5 Ned4 39. Rh5 Rf8 40.
Qxf8+ Rg8 41. Ng6# 1-0

[Event "*** Titled Tuesday 3|2 Blitz (Early)"]
[Site "Chess.com"]
[Date "2016.12.06"]
[Round "3"]
[White "FrankieJay"]
[Black "Grootneus"]
[Result "0-1"]
[WhiteElo "2209"]
[BlackElo "2090"]
[TimeControl "180+2"]
[EndTime "11:34:25 PST"]
[Termination "Grootneus won by resignation"]

1. e4 d6 2. d4 g6 3. Nc3 Nf6 4.
f4 Bg7 5. Nf3 O-O 6. e5 Nfd7 7.
Bc4 Nb6 8. Bb3 Nc6 9. Be3 a5 10. a4 dxe5 11. fxe5 Nb4 12. Qe2 N6d5 13. Nxd5 Nxd5 14.
Bd2 b6 15. O-O Ba6 16. Bc4 Bxc4 17. Qxc4 Rc8 18. Qc6 e6 19. c4 Ne7 20. Qe4 c5 21. dxc5 Rxc5 22. Be3 Rc8 23. Rfd1 Qc7 24. b3 Nc6 25. Kh1 Nxe5 26. Bf4 Ng4 27. Rf1 e5 28. Bg3 f5 29. Qd5+ Qf7 30. Qxf7+ Rxf7 31. Ng5 Re7 32. Rfd1 h6 33. Nf3 e4 34. Nd4 Ne3 35.
Rd2 Rd7 36. Bf2 Rxd4 37. Rxd4 Bxd4 38. Re1 Nc2 0-1

[Event "*** Titled Tuesday 3|2 Blitz (Early)"]
[Site "Chess.com"]
[Date "2016.12.06"]
[Round "3"]
[White "Tash_Boy"]
[Black "Aygehovit1992"]
[Result "0-1"]
[WhiteElo "2468"]
[BlackElo "2460"]
[TimeControl "180+2"]
[EndTime "11:34:26 PST"]
[Termination "Aygehovit1992 won by resignation"]

1. e4 g6 2. d4 d6 3. Nc3 Bg7 4.
f4 a6 5. Nf3 b5 6. Bd3 Bb7 7. Be3 b4 8. Ne2 Nf6 9. e5 Nd5 10. Bd2 c5 11. exd6 exd6 12. O-O O-O 13. f5 Nc6 14. Bg5 Qb6 15. Bc4 Nxd4 16. Nexd4 cxd4 17. Bxd5 Bxd5 18. f6 Bh8 19. Qxd4 Qxd4+ 20. Nxd4 Rfe8 21.
Rad1 Re5 22. Bf4 Bxf6 23. Bxe5 Bxe5 24. Nf3 Bxf3 25. Rxf3 Rc8 26. Rf2 f5 27. Re2 Kf7 28. g3 Ke6 29. Kg2 a5 30. b3 h5 31. Rd3 g5 32. Red2 Rc5 33. Re2 g4 34. Rd1 h4 35.
gxh4 f4 36. Red2 Rc3 37. Re1 Rh3 38. Kg1 Rxh4 39. Rd3 f3 40. Rd2 Kf5 41. Red1 Rh8 42. Rf2 Ke4 43. Rd3 Bd4 44. Rd2 Bxf2+ 45. Rxf2 Ke3 46.
Kf1 g3 0-1

[Event "*** Titled Tuesday 3|2 Blitz (Early)"]
[Site "Chess.com"]
[Date "2016.12.06"]
[Round "3"]
[White "Vrolijk"]
[Black "Cecile_Haussernot"]
[Result "1-0"]
[WhiteElo "2193"]
[BlackElo "2261"]
[TimeControl "180+2"]
[EndTime "11:34:27 PST"]
[Termination "Vrolijk won by resignation"]

1. d4 Nf6 2. c4 e6 3. Nf3 c5 4. Nc3 cxd4 5. Nxd4 Bc5 6. e3 O-O 7.
Be2 Nc6 8. O-O Nxd4 9. exd4 Bb4 10. Bf4 Bxc3 11. bxc3 Ne4 12. Bd3 d5 13. cxd5 exd5 14. c4 Bf5 15. c5 Qf6 16. Be5 Qg6 17. Bxe4 Bxe4 18. f3 Bd3 19. Re1 Bc4 20. Qd2 b6 21. Bd6 Rfd8 22. Re5 bxc5 23. dxc5 Re8 24. Qe3 f6 25.
Re7 Rxe7 26. Qxe7 Re8 27. Qd7 d4 28. Rd1 d3 29. Bg3 h5 30. Qd4 Qf7 31. c6 Rc8 32. c7 h4 33. Qxh4 Qd5 34. Qg4 f5 35. Qf4 Bxa2 36.
h4 Bb3 37. Rd2 Bc2 38. h5 Qc5+ 39. Kh2 Qd5 40. Qg5 Qf7 41. h6 Kh7 42. hxg7 Qxg7 43. Qxf5+ Qg6 44. Qxc8 Qh6+ 45. Qh3 1-0

[Event "*** Titled Tuesday 3|2 Blitz (Early)"]
[Site "Chess.com"]
[Date "2016.12.06"]
[Round "3"]
[White "Schemato"]
[Black "macko06"]
[Result "1-0"]
[WhiteElo "2292"]
[BlackElo "2273"]
[TimeControl "180+2"]
[EndTime "11:34:31 PST"]
[Termination "Schemato won by checkmate"]

1. c4 e5 2. g3 Nf6 3. Bg2 Nc6 4.
Nc3 Bc5 5. a3 a5 6. e3 O-O 7.
Nge2 Re8 8. O-O d6 9. d4 exd4 10.
exd4 Bb6 11. Bg5 h6 12. Bxf6 Qxf6 13. Nd5 Qd8 14. Nxb6 cxb6 15. Qd2 Bf5 16. Nf4 Rb8 17. Rfe1 Rxe1+ 18. Rxe1 Qf6 19. Rd1 Re8 20. Nd5 Qd8 21.
b4 axb4 22. axb4 Be4 23. b5 Bxg2 24. Kxg2 Ne7 25. Nf4 Qc7 26. Qe2 Rc8 27. Re1 Nf5 28. Qe4 g6 29. g4 Ng7 30. Nd5 Qxc4 31. Ne7+ Kh7 32. Nxc8 Qxc8 33. h3 Qc4 34. Qxb7 h5 35. Re7 hxg4 36. hxg4 Qxd4 37. Kg3 Qc3+ 38. Qf3 Qd4 39.
Qxf7 Qc3+ 40. f3 Qa1 41. Re2 Qg1+ 42. Rg2 Qd4 43. Rh2# 1-0

[Event "*** Titled Tuesday 3|2 Blitz (Early)"]
[Site "Chess.com"]
[Date "2016.12.06"]
[Round "3"]
[White "GM_Donatello"]
[Black "Evgeny_Levin"]
[Result "0-1"]
[WhiteElo "2568"]
[BlackElo "2732"]
[TimeControl "180+2"]
[EndTime "11:34:33 PST"]
[Termination "Evgeny_Levin won by resignation"]

1. e4 c5 2. Nf3 d6 3. Bb5+ Nd7 4. O-O Nf6 5. Re1 a6 6. Bd3 e6 7. c3 Be7 8. Bc2 b5 9. d4 Bb7 10. Nbd2 O-O 11. Nf1 e5 12. Ng3 Re8 13. d5 g6 14.
b3 c4 15. bxc4 bxc4 16. h3 Qc7 17. Be3 Nc5 18. Nd2 a5 19. Nxc4 Ncxe4 20. Nb6 Nxc3 21.
Nxa8 Bxa8 22. Qd2 Nfxd5 23. Bh6 Qc6 24. f3 Bh4 25. Kh2 Nb4 26. Bb3 d5 27. Bg5 Bxg3+ 28.
Kxg3 d4 29. Kh2 a4 30. Bd1 f6 31. Bh4 Kg7 32. a3 Nbd5 33. Rc1 Qd6 34. Bc2 Qxa3 35.
Be4 Nxe4 36. fxe4 Nc3 37. Rf1 Rf8 38. Qd3 Bxe4 39. Qa6 g5 40. Bg3 Qb2 41. Bf2 Qb7 42. Qd6 Bxg2 43. Rg1 Be4 44. Bxd4 exd4 45. Qxd4 Qb2+ 46.
Kg3 Ne2+ 0-1

[Event "*** Titled Tuesday 3|2 Blitz (Early)"]
[Site "Chess.com"]
[Date "2016.12.06"]
[Round "3"]
[White "Hieronymus00"]
[Black "Ind1anStar"]
[Result "0-1"]
[WhiteElo "2114"]
[BlackElo "2166"]
[TimeControl "180+2"]
[EndTime "11:34:35 PST"]
[Termination "Ind1anStar won on time"]

1. e4 e6 2. d4 d5 3. Nc3 Bb4 4. a3 Bxc3+ 5. bxc3 dxe4 6. Qg4 Nf6 7. Qxg7 Rg8 8. Qh6 Rg6 9. Qd2 b6 10. c4 Bb7 11. Bb2 Nbd7 12. O-O-O Qe7 13. Ne2 O-O-O 14. h3 c5 15. Nf4 Rgg8 16. d5 exd5 17. cxd5 Qd6 18. g3 Ne5 19. Qc3 Rge8 20. Qb3 Nxd5 21. Qa4 Qb8 22. Bb5 Rg8 23. Rhe1 f6 24. Rxe4 Nxf4 25.
Rxd8+ Rxd8 26. Rxf4 Qd6 27. Bc3 Kb8 28. Kb2 Qe6 29. h4 Rf8 30. h5 h6 31. Ba6 Rd8 32.
Bxb7 Kxb7 33. Qb5 a6 34. Qb3 c4 35. Qb4 a5 36. Qa4 Rc8 37. Kb1 Nd7 38. Qb5 Rc5 39.
Qb2 f5 40. Bd4 Rd5 41. Be3 Qc6 0-1

[Event "*** Titled Tuesday 3|2 Blitz (Early)"]
[Site "Chess.com"]
[Date "2016.12.06"]
[Round "3"]
[White "Kawhi_Leonard2"]
[Black "Saitama_Hero"]
[Result "1/2-1/2"]
[WhiteElo "2221"]
[BlackElo "2144"]
[TimeControl "180+2"]
[EndTime "11:34:37 PST"]
[Termination "Game drawn by agreement"]

1. e4 d6 2. d4 g6 3. Nc3 Bg7 4. Nf3 Nf6 5. Be2 O-O 6. O-O c6 7.
a4 Nbd7 8. Be3 e5 9. h3 d5 10. exd5 e4 11. Ne5 cxd5 12. Qd2 Re8 13. f4 exf3 14. Nxf3 Ne4 15. Nxe4 dxe4 16. Ng5 Nf6 17. Bc4 Re7 18. Rf4 h6 19. Nxf7 Rxf7 20. Raf1 Qe7 21. Qf2 Be6 22. d5 Nxd5 23. Rxf7 Bxf7 24. Qxf7+ Qxf7 25. Rxf7 Kxf7 26. Bxd5+ Kf8 27. Bxe4 Re8 28. Bc5+ Kf7 29. Bd5+ Kf6 30. Bd4+ Re5 31. Bxb7 Ke6 32. Bxe5 Bxe5 33. c3 Kd6 34. Be4 g5 35. Kf2 Bf4 36. Ke2 Kc5 37. Kd3 a5 38. Bf5 h5 39. g4 h4 40. Be6 Bc1 41. b3 Bf4 42. Ke4 Bd2 43.
Kf5 Bf4 44. Bc4 Bd2 45. Bf7 Bf4 46. Ke4 Bd2 47. Kd3 Bf4 48. Kc2 Be3 49. Kb2 Bf4 50.
Ka3 Bd2 51. Kb2 Be3 52. Kc2 Bf4 53. Kd3 Bc1 54. Kc2 Bf4 55. Kb2 1/2-1/2

[Event "*** Titled Tuesday 3|2 Blitz (Early)"]
[Site "Chess.com"]
[Date "2016.12.06"]
[Round "3"]
[White "SCIM"]
[Black "RamonManon0g"]
[Result "1-0"]
[WhiteElo "2285"]
[BlackElo "2284"]
[TimeControl "180+2"]
[EndTime "11:34:45 PST"]
[Termination "SCIM won by resignation"]

1. e4 c5 2. Nf3 d6 3. Bb5+ Nd7 4.
O-O a6 5. Bd3 e5 6. c3 Ngf6 7. Bc2 Be7 8. d4 cxd4 9. cxd4 O-O 10.
Nc3 b5 11. a3 Bb7 12. Bg5 Rc8 13. Re1 h6 14. Bh4 Qb6 15. Rc1 b4 16. Na4 Qb5 17. d5 Rc7 18. axb4 Rfc8 19. Qe2 Rxc2 20. Rxc2 Qxa4 21.
Rxc8+ Bxc8 22. Rc1 Nb6 23. h3 Bd7 24. Rc7 Bd8 25.
Ra7 Qxb4 26. Qxa6 Kh7 27. Qe2 Bb5 28. Qc2 Nc4 29. Rxf7 Qxb2 30. Qxb2 Nxb2 31. Rb7 Bd3 32. Rxb2 Bxe4 33. Rb8 Ba5 34. Bxf6 gxf6 35. Rb7+ Kg6 36. Nh4+ Kh5 37. g3 Bxd5 38. Rb5 Be6 39. Rxa5 Bxh3 40. Ra6 Kg5 41. Rxd6 h5 42. Rd2 Bg4 43. Rd8 f5 44. Rg8+ Kf6 45. Rg6+ Kf7 46. Rb6 e4 47. Kg2 Ke7 48.
Rh6 Kf7 49. Rb6 Kg7 50. Kf1 Kf7 51. Ke1 Kg7 52. Kd2 Kf7 53. Ke3 Kg7 54. Kf4 Kf7 55.
Nxf5 1-0

[Event "*** Titled Tuesday 3|2 Blitz (Early)"]
[Site "Chess.com"]
[Date "2016.12.06"]
[Round "3"]
[White "jcibarra"]
[Black "rubhani"]
[Result "0-1"]
[WhiteElo "2619"]
[BlackElo "2407"]
[TimeControl "180+2"]
[EndTime "11:34:48 PST"]
[Termination "rubhani won by resignation"]

1. e4 c5 2. Nf3 d6 3. d4 cxd4 4.
Nxd4 Nf6 5. Nc3 a6 6. Be3 e5 7.
Nf3 Qc7 8. a4 Be6 9. a5 h6 10. Be2 Qc6 11. Ra4 Nbd7 12. O-O Be7 13.
Qd3 O-O 14. Rd1 Rac8 15. Nh4 Rfd8 16. Nf5 Bxf5 17. exf5 d5 18. Rh4 d4 19. Bxh6 dxc3 20.
Bxg7 Ne8 21. Rh8+ Kxg7 22. Qh3 Bg5 23. Rh7+ Kf6 24. Qh5 Ng7 25. Rh6+ Bxh6 26. Qxh6+ Ke7 27. Qxg7 Qf6 28. Qg3 cxb2 29. Qa3+ Ke8 30. Qxb2 Nc5 31. Re1 Kf8 32. Qb4 Rd4 33. Qa3 Qd6 34. h4 Ne4 35.
Qe3 Rc3 36. Qc1 Rd2 37. Bd3 Rdxd3 38. Qb1 Qd4 39. cxd3 Qxf2+ 40. Kh2 Rc2 41. Qxc2 Qxc2 42. dxe4 Qf2 43. Rc1 Qf4+ 0-1

[Event "*** Titled Tuesday 3|2 Blitz (Early)"]
[Site "Chess.com"]
[Date "2016.12.06"]
[Round "3"]
[White "Firebullet"]
[Black "Holden-Caulfield"]
[Result "1/2-1/2"]
[WhiteElo "2326"]
[BlackElo "2473"]
[TimeControl "180+2"]
[EndTime "11:34:49 PST"]
[Termination "Game drawn by agreement"]

1. d4 d6 2. c4 Nf6 3. Nc3 Nbd7 4.
e4 e5 5. d5 Be7 6. g3 O-O 7.
Bg2 a5 8. Nf3 c6 9. O-O Nc5 10.
Ne1 Qc7 11. Nd3 Nfd7 12. Be3 Nxd3 13. Qxd3 Nc5 14. Bxc5 dxc5 15. Rad1 Rd8 16. f4 Bg4 17. Rd2 exf4 18. gxf4 Bf8 19. e5 cxd5 20. cxd5 c4 21. Qg3 Bf5 22. d6 Qc5+ 23. Kh1 Rab8 24. Ne4 Qb4 25.
Rfd1 Kh8 26. Nc3 Bd3 27. a4 f6 28. Bd5 Qc5 29. Qh3 fxe5 30. fxe5 Re8 31. Rxd3 cxd3 32.
Be4 g6 33. Bxg6 h6 34. Bxe8 Rxe8 35. d7 Qc6+ 36. Qg2 Qxd7 37. Qe4 Qe6 38. Rxd3 Qxe5 39. Qxe5+ Rxe5 40. Rd7 Re7 41. Rd5 b6 42. Kg2 Re6 43.
Kf3 Kg7 44. Ne4 Bb4 45. h4 Be7 46. h5 Kf7 47. Kf4 Rc6 48. Kf5 Rc2 49. Rb5 Rc6 50. Rd5 Rc2 51. Rb5 Rc6 52. Rd5 Rc1 53. Nd6+ Bxd6 54. Rxd6 Rc5+ 55. Kg4 Rc4+ 56. Kf5 Rc5+ 57. Kg4 Rc4+ 58. Kf5 1/2-1/2

[Event "*** Titled Tuesday 3|2 Blitz (Early)"]
[Site "Chess.com"]
[Date "2016.12.06"]
[Round "3"]
[White "Dlugy"]
[Black "LPSupi"]
[Result "1-0"]
[WhiteElo "2619"]
[BlackElo "2594"]
[TimeControl "180+2"]
[EndTime "11:34:52 PST"]
[Termination "Dlugy won on time"]

1. d4 Nf6 2. Bf4 e6 3. e3 b6 4. Nf3 Bb7 5. h3 Bd6 6. Bxd6 cxd6 7. c4 d5 8. cxd5 Bxd5 9. Nc3 Bb7 10. Bd3 O-O 11. e4 d5 12. e5 Ne4 13. Qc2 Qc8 14.
O-O h6 15. Nxe4 Qxc2 16. Bxc2 dxe4 17. Nd2 Rd8 18. Nxe4 Rxd4 19. Nd6 Bd5 20. Rfd1 Nc6 21. Rxd4 Nxd4 22. Bd3 g5 23. Ba6 Rd8 24. a3 Nc6 25.
Rc1 Nxe5 26. Nc8 Kg7 27. Nxa7 Ba8 28. Rc2 Rd1+ 29. Kh2 h5 30. Be2 Rd7 31. Nc8 h4 32. Nxb6 Rd8 33. Nxa8 Rxa8 34. Bb5 Rd8 35. Be2 f5 36. b4 Kf6 37. b5 g4 38. b6 Rb8 39. Rb2 gxh3 40. gxh3 Nd7 41. b7 e5 42. Bc4 Ke7 43. a4 Nc5 44. a5 1-0

[Event "*** Titled Tuesday 3|2 Blitz (Early)"]
[Site "Chess.com"]
[Date "2016.12.06"]
[Round "3"]
[White "viktorskliarov"]
[Black "Astaneh"]
[Result "1-0"]
[WhiteElo "2448"]
[BlackElo "2461"]
[TimeControl "180+2"]
[EndTime "11:35:01 PST"]
[Termination "viktorskliarov won by resignation"]

1. e4 c6 2. d4 d5 3. e5 c5 4. dxc5 e6 5. a3 Bxc5 6. b4 Bf8 7. Nf3 Nc6 8. Bd3 Nge7 9. O-O Ng6 10.
Bb2 Be7 11. g3 O-O 12. Qe2 f5 13. Nbd2 Bd7 14. c4 dxc4 15. Nxc4 Rc8 16. Rac1 Qe8 17.
b5 Nb8 18. Nd6 Bxd6 19. exd6 Rxc1 20. Rxc1 f4 21. Ne5 fxg3 22. hxg3 Nxe5 23. Qxe5 Qf7 24. Bd4 a6 25. a4 axb5 26. axb5 Be8 27. Rc7 Nd7 28. Qe4 Qh5 29. Qxe6+ Bf7 30. Qe2 Qh3 31.
Qe4 Bg6 32. Qd5+ Rf7 33. Bxg6 hxg6 34. Qxb7 Qe6 35. Qa8+ Rf8 36. Qg2 Qe1+ 37. Kh2 Nf6 38. Bxf6 gxf6 39. d7 Qe7 40. Qd5+ Kh8 41. b6 Qe2 42.
Kg2 Qe7 43. b7 Rd8 44. Rc8 Kg7 45. Rxd8 Qxd8 46. Qd6 1-0

[Event "*** Titled Tuesday 3|2 Blitz (Early)"]
[Site "Chess.com"]
[Date "2016.12.06"]
[Round "3"]
[White "FitnessBen"]
[Black "Lector118"]
[Result "1/2-1/2"]
[WhiteElo "2319"]
[BlackElo "2333"]
[TimeControl "180+2"]
[EndTime "11:35:19 PST"]
[Termination "Game drawn by agreement"]

1. e4 c5 2. Nf3 d6 3. d4 cxd4 4.
Nxd4 Nf6 5. Nc3 Nc6 6. Bg5 e6 7. Qd2 Be7 8. Be2 O-O 9. Be3 a6 10. O-O Qc7 11. a4 Ne5 12. Rfb1 Nc4 13. Bxc4 Qxc4 14. b3 Qc7 15. f3 Bd7 16. b4 Rac8 17.
Rb3 e5 18. Nde2 Be6 19. Rb2 d5 20. exd5 Rfd8 21. b5 Nxd5 22. Nxd5 Rxd5 23. Qe1 axb5 24. axb5 Bc5 25. Qf2 Bxe3 26. Qxe3 h6 27. b6 Qc6 28. Rb3 Rc5 29. Rb2 Rd8 30. c3 Bc4 31. Rd2 Rxd2 32.
Qxd2 Bxe2 33. Qxe2 Qxb6 34. Qe3 Rb5 35. Qxb6 Rxb6 36.
Kf2 f5 37. Ra5 Re6 38. Rb5 Re7 39. Ke3 Kf7 40. g4 fxg4 41. fxg4 Kf6 42. h4 Rc7 43. Ke4 Rc4+ 44. Kd3 Rxg4 45. Rb6+ Ke7 46. Rxb7+ Kd6 47. c4 g6 48. Rb6+ Kc5 49. Rb5+ Kd6 50. Rb6+ Kd7 51.
c5 Rxh4 52. Rxg6 h5 53. Rd6+ Kc7 54. Re6 Rd4+ 55. Ke3 Rd5 56. Ke4 Rxc5 57. Rxe5 Rc4+ 58. Kf3 h4 59. Rh5 Kd6 60. Kg2 Ke6 61. Kh3 Kf6 1/2-1/2

[Event "*** Titled Tuesday 3|2 Blitz (Early)"]
[Site "Chess.com"]
[Date "2016.12.06"]
[Round "3"]
[White "Fandorine"]
[Black "Tesla37"]
[Result "1/2-1/2"]
[WhiteElo "2624"]
[BlackElo "2603"]
[TimeControl "180+2"]
[EndTime "11:35:32 PST"]
[Termination "Game drawn - insufficient material"]

1. c4 e5 2. Nc3 Nc6 3. Nf3 Nf6 4.
e4 Bb4 5. d3 d6 6. a3 Bc5 7. b4 Bb6 8. Na4 Bd4 9. Nxd4 Nxd4 10. Nc3 O-O 11. Ne2 Ne6 12. g3 a5 13.
b5 c6 14. a4 d5 15. Ba3 Re8 16. Bg2 dxe4 17. dxe4 c5 18. O-O b6 19. Nc3 Nd4 20. Bb2 Bg4 21. f3 Be6 22. Nd5 Bxd5 23. exd5 Ra7 24. f4 exf4 25. Bxd4 cxd4 26. Rxf4 Rae7 27.
Qxd4 Qd6 28. Raf1 Nd7 29. R4f2 Nc5 30. Qf4 Qxf4 31. Rxf4 Rd8 32. h4 Rd6 33. g4 Nxa4 34. g5 Nc5 35. h5 a4 36. Bh3 Kf8 37. Be6 Nxe6 38. dxe6 Rdxe6 39. c5 bxc5 40. Rxa4 Rb7 41. Rf5 Rxb5 42. Ra8+ Re8 43. Ra7 Rb1+ 44. Kf2 Rb2+ 45.
Kf1 Kg8 46. Rfxf7 Rb1+ 47. Kf2 Rb2+ 48. Kf3 Rf8 49. Rxf8+ Kxf8 50. Rc7 Rh2 51. h6 gxh6 52. Rxh7 Kg8 53. Rxh6 Rxh6 54. gxh6 Kh7 55. Ke4 Kxh6 56. Kd5 Kg5 57. Kxc5 1/2-1/2

[Event "*** Titled Tuesday 3|2 Blitz (Early)"]
[Site "Chess.com"]
[Date "2016.12.06"]
[Round "3"]
[White "Jungle_Jaguar"]
[Black "Zhani-Z"]
[Result "1-0"]
[WhiteElo "2412"]
[BlackElo "2274"]
[TimeControl "180+2"]
[EndTime "11:35:35 PST"]
[Termination "Jungle_Jaguar won by resignation"]

1. c4 Nf6 2. Nc3 c5 3. g3 e6 4.
Bg2 d5 5. cxd5 exd5 6. d3 d4 7. Ne4 Nxe4 8. Bxe4 Nd7 9. e3 Nf6 10. Bg2 dxe3 11. Bxe3 Be7 12. Ne2 O-O 13. O-O Nd5 14.
Bxd5 Qxd5 15. Nf4 Qf5 16. Qb3 b6 17. Qd5 Qxd5 18. Nxd5 Bd8 19. d4 Bb7 20. Nc3 c4 21. Bf4 Bf6 22. Be5 Bxe5 23. dxe5 Rad8 24. f4 a6 25.
Rad1 b5 26. a3 Rfe8 27. Kf2 f6 28. exf6 gxf6 29. Rxd8 Rxd8 30. Rd1 Rxd1 31. Nxd1 Kf7 32. Ke3 Ke6 33. g4 Kd5 34. Nc3+ Kc5 35. h4 a5 36. g5 f5 37. h5 Kd6 38. Nxb5+ Ke7 39. Kd4 Bf3 40. h6 Be2 41. Nc3 Bf1 42. Nd5+ Kf7 43. Ne3 Be2 44. Nxf5 Kg6 45. Nd6 Kh5 46. Nxc4 Bd1 47.
Ne3 Bf3 48. b4 axb4 49. axb4 Bc6 50. Kc5 Be8 51. b5 Kh4 52. b6 Kg3 53. b7 1-0

[Event "*** Titled Tuesday 3|2 Blitz (Early)"]
[Site "Chess.com"]
[Date "2016.12.06"]
[Round "3"]
[White "biostatistician"]
[Black "Mornar1951"]
[Result "1-0"]
[WhiteElo "2475"]
[BlackElo "2590"]
[TimeControl "180+2"]
[EndTime "11:35:36 PST"]
[Termination "biostatistician won by resignation"]

1. d4 d5 2. Nf3 Nf6 3. c4 e6 4.
Bg5 Be7 5. e3 Nbd7 6. Nc3 h6 7.
Bh4 O-O 8. Rc1 c5 9. cxd5 Nxd5 10. Bxe7 Nxe7 11. Bb5 cxd4 12. Nxd4 Nf6 13. O-O a6 14. Be2 Qb6 15. Qb3 Qxb3 16. Nxb3 Bd7 17. Bf3 Bc6 18. Rfd1 Bxf3 19. gxf3 Rfc8 20. Na4 Rxc1 21. Rxc1 Rc8 22. Rxc8+ Nxc8 23. Nbc5 Nd6 24. e4 e5 25. Nb6 Nfe8 26. b4 f6 27. a4 Kf7 28. Kg2 Ke7 29. Kg3 g6 30. f4 exf4+ 31. Kxf4 Nc7 32. Ke3 Ne6 33. Nd5+ Kf7 34. Nd7 f5 35. Ne5+ Kg7 36. exf5 Nxf5+ 37. Kd3 Nd6 38. Nc4 Nxc4 39. Kxc4 g5 40.
b5 Kg6 41. bxa6 bxa6 42. Nb4 Nc7 43. Kc5 Kf5 44. Kd6 Ne8+ 45. Ke7 Nf6 46. Nxa6 Nd5+ 47. Kf7 Nb6 48. Nc5 Nxa4 49. Nxa4 g4 50. Nc3 h5 51.
Ne2 h4 52. Ng1 Kg5 53. Ke6 Kf4 54. Kf6 g3 55. fxg3+ hxg3 56. Ne2+ Kf3 57. hxg3 Kg4 58. Kg6 1-0

[Event "*** Titled Tuesday 3|2 Blitz (Early)"]
[Site "Chess.com"]
[Date "2016.12.06"]
[Round "3"]
[White "olgerts_indricans"]
[Black "SmoothAsAHedgehog"]
[Result "0-1"]
[WhiteElo "2336"]
[BlackElo "2504"]
[TimeControl "180+2"]
[EndTime "11:35:51 PST"]
[Termination "SmoothAsAHedgehog won by resignation"]

1. e4 e5 2. Nf3 Nc6 3. Bb5 a6 4. Ba4 Nf6 5. O-O Be7 6. d3 d6 7. h3 O-O 8. Re1 b5 9. Bb3 Na5 10. Nc3 Nxb3 11. axb3 Be6 12. Ng5 Bd7 13. Be3 h6 14. Nf3 Re8 15. Nh2 c5 16. Qf3 Qc8 17. Ra5 Bd8 18. Ra2 b4 19. Ne2 Nh7 20. Ng3 a5 21. Rea1 Be6 22. Ng4 Qd7 23. Nh5 Bc7 24. Nxh6+ gxh6 25. Qg3+ Bg4 26. hxg4 Qe6 27. g5 hxg5 28.
Bxg5 Qg6 29. Nf6+ Nxf6 30. Bxf6 Qxg3 31. fxg3 Re6 32. Bg5 Rg6 33. Bh4 f6 34. Rf1 Kf7 35. Rf5 Rag8 36. Ra1 Bd8 37. Raf1 Ke6 38. Kf2 d5 39.
Ke3 d4+ 40. Ke2 Rh8 41. Kf2 Be7 42. Kg1 Ra8 43. Rh5 a4 44. bxa4 Rxa4 45. b3 Ra2 46.
Rf2 Ra1+ 47. Kh2 Ra2 48. Kh3 c4 49. g4 cxb3 50. cxb3 Rxf2 51. Bxf2 Rg8 52. Kg3 Rc8 53. Be1 Rc1 54. Kf2 Rb1 55. Ke2 Rxb3 56.
Bd2 Rb2 57. Kd1 b3 58. Rh8 Rb1+ 59. Ke2 b2 60. Rb8 Ba3 61. Rb6+ Kf7 62. g5 Ra1 63. Rxf6+ Kg7 0-1

[Event "*** Titled Tuesday 3|2 Blitz (Early)"]
[Site "Chess.com"]
[Date "2016.12.06"]
[Round "3"]
[White "FearlessKing64"]
[Black "Morpheus4"]
[Result "1-0"]
[WhiteElo "1982"]
[BlackElo "1946"]
[TimeControl "180+2"]
[EndTime "11:35:51 PST"]
[Termination "FearlessKing64 won on time"]

1. e4 e5 2. Nf3 Nc6 3. Bc4 Be7 4.
d4 exd4 5. c3 d3 6. Qb3 Na5 7.
Bxf7+ Kf8 8. Qa4 Kxf7 9. Qxa5 c5 10. Qb5 d5 11. Qxd3 Nf6 12. exd5 Qxd5 13. Qxd5+ Nxd5 14.
O-O Bf6 15. Nbd2 Bf5 16. Nc4 Rad8 17. Re1 Rhe8 18. Bg5 Be4 19. Bxf6 gxf6 20. Nce5+ fxe5 21. Rxe4 Nf6 22. Nxe5+ Kg7 23. Ree1 Re6 24. f4 Rd2 25. Rab1 Nd5 26. g3 Nb6 27. Nf3 Rxe1+ 28. Nxe1 Na4 29. Nf3 Rxb2 30. Rxb2 Nxb2 31. Ne5 Na4 32. c4 b6 33. Kf2 a6 34. Ke3 b5 35. Kd3 Nb6 36. a3 Kf6 37. g4 h6 38. h4 Ke6 39. Kc3 Kf6 40. cxb5 axb5 41. Nd3 Nd5+ 42. Kd2 c4 43. g5+ hxg5 44. fxg5+ Kf5 45. Nb4 1-0

[Event "*** Titled Tuesday 3|2 Blitz (Early)"]
[Site "Chess.com"]
[Date "2016.12.06"]
[Round "3"]
[White "jup1978"]
[Black "bilelou"]
[Result "1-0"]
[WhiteElo "2260"]
[BlackElo "2348"]
[TimeControl "180+2"]
[EndTime "11:35:52 PST"]
[Termination "jup1978 won on time"]

1. e4 c5 2. Nf3 d6 3. d4 cxd4 4.
Nxd4 Nf6 5. Nc3 a6 6. Be3 e5 7. Nb3 Be6 8. Qd2 Nbd7 9. f4 b5 10. f5 Bc4 11. O-O-O Rc8 12. h3 h5 13. Rg1 h4 14. g4 hxg3 15. Rxg3 Nh5 16. Rg1 Be7 17.
Nd5 Bxd5 18. exd5 Ndf6 19. Be2 Ne4 20. Qd3 Nhf6 21. Bf3 Rh4 22. Bxe4 Rxe4 23. Rxg7 Qc7 24.
Bg5 Rc4 25. Bxf6 Bxf6 26. Rg8+ Ke7 27. Rxc8 Qxc8 28. Na5 Rf4 29. Nc6+ Kf8 30. Rg1 Qxf5 31. Qg3 Rf1+ 32. Rxf1 Qxf1+ 33. Kd2 Qf5 34. Nb4 Bg5+ 35.
Kc3 Bf4 36. Qg4 Qf6 37. Qc8+ Kg7 38. Qg4+ Kh7 39. Qh5+ Bh6 40. Nxa6 e4+ 41. Kb4 e3 42. Kxb5 Qxb2+ 43. Nb4 Qf6 44. a4 Kg8 45. Qg4+ Bg7 46. a5 Qe5 47. a6 e2 48. a7 Qe8+ 49. Nc6 e1=Q 50. Qh4 Qb1+ 51. Ka5 Qa2+ 52. Kb6 Qb2+ 53. Kc7 f6 54. Qb4 Qf7+ 55. Kb8 Qe8+ 56. Kc7 Qa2 57. Qb8 1-0

[Event "*** Titled Tuesday 3|2 Blitz (Early)"]
[Site "Chess.com"]
[Date "2016.12.06"]
[Round "3"]
[White "ZEN-22"]
[Black "popov_m"]
[Result "0-1"]
[WhiteElo "2207"]
[BlackElo "2307"]
[TimeControl "180+2"]
[EndTime "11:36:00 PST"]
[Termination "popov_m won by checkmate"]

1. e4 e6 2. Bc4 d5 3. Bb3 dxe4 4.
Nc3 Nf6 5. f3 Bc5 6. fxe4 e5 7.
Nf3 Ng4 8. Qe2 Nc6 9. h3 Nf6 10. d3 Nh5 11. Nxe5 Qh4+ 12. g3 Qxg3+ 13. Kd1 Nxe5 14.
Qxh5 O-O 15. Qe2 Bxh3 16. Bf4 Qxf4 17. Rxh3 Ng4 18. Nd5 Nf2+ 19. Ke1 Qg5 20. Rh5 Qg1+ 21. Qf1 Qg3 22. Kd2 c6 23. Nf6+ gxf6 24. Rxc5 Rad8 25. Re1 Rfe8 26. Kc1 Rxd3 27. Rf5 Rf3 28. Qg1 Ng4 29.
Rxf3 Qxf3 30. c3 Rxe4 31. Bd1 Rxe1 32. Qxe1 Qe3+ 33. Qd2 Qxd2+ 34. Kxd2 h5 35. Ke2 Kg7 36. Kf3 f5 37. Kf4 Kf6 38. Bc2 h4 39. Bxf5 Nh6 40. Bh3 Kg6 41. c4 c5 42. a3 a5 43. b3 f6 44. Bd7 Nf7 45. Be8 Kg7 46. Kg4 Nd6 47. Bd7 f5+ 48. Kxh4 Kf6 49. Kg3 Ke5 50. Kf3 Kd4 51.
Kf4 Kc3 52. Ba4 Kb2 53. Ke5 Kxa3 54. Kxd6 f4 55. Kxc5 f3 56. Bd7 Kxb3 57. Kb5 a4 58. c5 f2 59. Be6+ Kc3 60. Bc4 a3 61. Be2 a2 62.
Kb6 a1=Q 63. Kxb7 Qb2+ 64. Kc7 Qxe2 65. c6 f1=Q 66. Kb7 Qb5+ 67. Ka8 Qa1# 0-1

[Event "*** Titled Tuesday 3|2 Blitz (Early)"]
[Site "Chess.com"]
[Date "2016.12.06"]
[Round "3"]
[White "DanielNaroditsky"]
[Black "VitaliyBernadskiy"]
[Result "1/2-1/2"]
[WhiteElo "2693"]
[BlackElo "2575"]
[TimeControl "180+2"]
[EndTime "11:36:05 PST"]
[Termination "Game drawn - insufficient material"]

1. d4 g6 2. Bf4 d6 3. e3 Bg7 4.
Nf3 Nd7 5. h3 e5 6. Bh2 Nh6 7.
Be2 O-O 8. O-O e4 9. Nfd2 f5 10. c4 Nf6 11. Nc3 g5 12. b4 g4 13. hxg4 Nfxg4 14. Bg3 Qg5 15. Nd5 c6 16. Nf4 Nxe3 17. fxe3 Qxg3 18.
Qb3 Ng4 19. Bxg4 fxg4 20. Nxe4 Qh4 21. c5+ d5 22. Nxd5 Be6 23. Ndf6+ Rxf6 24. Nxf6+ Qxf6 25. Rxf6 Bxb3 26. Rd6 Bd5 27. Rf1 Re8 28. Rf4 h5 29. Kf2 Be6 30. Re4 Rf8+ 31. Kg3 Bxa2 32. Rd7 Bd5 33. Rf4 Re8 34. Kh4 Bxg2 35. Kxh5 Bf3 36. Rff7 Bf8 37. Rf5 Rxe3 38. Rd8 g3+ 39. Kg5 Bd5 40.
Rfxf8+ Kg7 41. Rf1 g2 42. Rd7+ Kg8 43. Rg1 Rg3+ 44. Kh4 Rg7 45. Rxg7+ Kxg7 46. Kg5 Kf7 47. Kf5 Ke7 48. Ke5 Kf7 49. Kd6 Be4 50. Kc7 Ke6 51. Kxb7 Kd5 52. Kxa7 Kxd4 53. Kb6 Kc4 54. Ka5 Bd5 55.
b5 cxb5 56. Kb6 b4 57. c6 Bxc6 58. Kxc6 b3 59. Rxg2 Kc3 60. Rg3+ Kc2 61. Rg2+ Kc1 62. Rg1+ Kc2 63. Kc5 b2 64. Kc4 b1=Q 65. Rxb1 Kxb1 1/2-1/2